 Dungeon Crawl Stone Soup version 0.16.1-30-g34a7ffa (webtiles) character file.

984 vermin the Shield-Bearer (level 8, -7/49 HPs)
             Began as a Gargoyle Fighter on June 15, 2015.
             Was a Follower of Fedhas.
             Killed by divine providence
             ... invoked by an orc priest
              (8 damage)
             ... on level 5 of the Dungeon.
             The game lasted 01:07:20 (3825 turns).

vermin the Shield-Bearer (Gargoyle Fighter)         Turns: 3825, Time: 01:07:20

Health: -7/49      AC: 16    Str: 22    XL:     8   Next: 18%
Magic:  8/8        EV: 12    Int:  9    God:    Fedhas [*.....]
Gold:   246        SH: 11    Dex: 17    Spells: 0 memorised, 7 levels left

rFire  . . .     SeeInvis .     k - +0 whip (freeze)
rCold  . . .     Clarity  +     m - +0 chain mail
rNeg   + . .     SustAb   .     c - +0 shield
rPois  ∞         Gourm    .     o - +0 helmet
rElec  +         Spirit   .     (no cloak)
rCorr  .         Warding  .     (no gloves)
rMut   .         Stasis   .     (no boots)
MR     +....                    j - amulet of clarity
Stlth  ..........               J - ring of protection from magic
                                f - +3 ring of dexterity

@: agile, somewhat resistant to hostile enchantments, extremely unstealthy
A: negative energy resistance 1, electricity resistance, unbreathing,
petrification resistance, rot immunity, AC +5
a: Evolution, Renounce Religion


You were on level 5 of the Dungeon.
You worshipped Fedhas.
Fedhas was aware of your devotion.
You were not hungry.

You visited 2 branches of the dungeon, and saw 6 of its levels.

You collected 246 gold pieces.

Inventory:

Hand weapons
 a - a +0 flail
 g - a +0 hunting sling
 i - a +1 dagger of venom
 k - a +0 whip of freezing (weapon)
 x - a +2 dagger of pain
 D - a +1 hand axe of flaming
 K - a +0 blowgun
 Q - a +0 rapier
Missiles
 h - 12 poisoned bolts
 n - 76 stones (quivered)
 q - 3 javelins
 w - 31 bolts
 A - 47 poisoned needles
 F - 11 tomahawks
 P - 3 curare-tipped needles
Armour
 b - a +0 scale mail
 c - a +0 shield (worn)
 l - a +0 scale mail
 m - a +0 chain mail (worn)
 o - a +0 helmet (worn)
Jewellery
 f - a +3 ring of dexterity (left hand)
 j - an amulet of clarity (around neck)
 J - a ring of protection from magic (right hand)
Magical devices
 G - a wand of slowing (21)
 N - a wand of magic darts (22)
Scrolls
 p - a scroll of random uselessness {unknown}
 r - a scroll of magic mapping {unknown}
 y - 2 scrolls of fear {unknown}
 B - 2 scrolls of blinking {unknown}
 E - a scroll of enchant armour {unknown}
 I - a scroll of remove curse
 M - a scroll of noise {unknown}
Potions
 e - a potion of might
 s - a potion of restore abilities
 z - a potion of decay {unknown}
 L - a potion of berserk rage {unknown}
 O - a potion of haste {unknown}
Comestibles
 d - 2 bread rations
 t - 6 fruits
 u - a meat ration
 C - a slice of pizza


   Skills:
 + Level 5.1 Fighting
 + Level 4.3 Maces & Flails
 + Level 5.9 Armour
 + Level 2.2 Dodging
 + Level 6.4 Shields


You had 7 spell levels left.
You didn't know any spells.

Dungeon Overview and Level Annotations

Branches:
Dungeon (5/15)             Temple (1/1) D:4

Altars:
Ashenzari
Elyvilon
Fedhas
Gozag
Kikubaaqudgha
Makhleb
Nemelex Xobeh
Okawaru
Qazlal
Ru
Sif Muna
Trog
Vehumet
Xom
Zin
The Shining One


Innate Abilities, Weirdness & Mutations

You are resistant to torment.
You are immune to poison.
Your stone body is very resilient (AC +5).
You resist negative energy.
You are resistant to electric shocks.
You can survive without breathing.
You are immune to petrification.
You are immune to rotting.


Message History

The magic dart hits you!
* * * LOW HITPOINT WARNING * * *
The kobold unwields an uncursed blowgun.
The kobold barely misses you. You block the orc priest's attack.
You block the orc's attack.
The orc wizard hits you but does no damage.
You block the orc's attack.
The kobold wields an uncursed blowgun.
The kobold shoots a poisoned needle.
The poisoned needle closely misses you.
The orc priest mumbles some strange prayers to Beogh against you.
Something smites you!
* * * LOW HITPOINT WARNING * * *
The orc throws a tomahawk of returning.
You block the tomahawk of returning.
The weapon returns to the orc!
The orc wizard gestures wildly while chanting.
The orc wizard blinks!
The orc priest calls down the wrath of Beogh upon you.
Something smites you!
You die...
Fedhas appreciates your contribution to the ecosystem.

#.# ## #.# .. ..# #.
#.# . #..#.# #####
#..##=#.#######...#
#......>(o........#
#.###..).o..f.....#
####oK..@.....#
########(..#########
#.()........#
#.[.#######.#
#.#).....##
#..<......#
#...######### +....
#...#


You could see an orc priest, an orc wizard, an orc, a kobold and a friendly
wandering mushroom.

Vanquished Creatures
  A two-headed ogre (D:4)
  Grinder (D:3)
  The ghost of CcS the Caller, an average VSSu (D:5)
  A scorpion (D:4)
  Dowan (D:5)
  3 orc wizards
  Natasha (twice) (D:4)
  Terence (D:3)
  7 adders
  3 worms
  An ooze (D:2)
  13 orcs
  12 bats
  A bat skeleton (D:4)
  2 giant cockroaches
  7 goblins
  6 hobgoblins
  6 jackals
  8 kobolds
  3 quokkas
  A ball python (D:3)
  3 giant geckos
  3 giant newts
  A quokka skeleton (D:4)
  5 rats
93 creatures vanquished.

Vanquished Creatures (collateral kills)
  Duvessa (D:5)
  A kobold (D:5)
2 creatures vanquished.

Vanquished Creatures (others)
  An orc (D:4)
  A kobold (D:5)
  32 toadstools
34 creatures vanquished.

Grand Total: 129 creatures vanquished

Notes
Turn   | Place    | Note
--------------------------------------------------------------
     0 | D:1      | vermin, the Gargoyle Fighter, began the quest for the Orb.
     0 | D:1      | Reached XP level 1. HP: 14/14 MP: 1/1
   153 | D:1      | Reached XP level 2. HP: 17/19 MP: 2/2
   606 | D:2      | Reached XP level 3. HP: 16/23 MP: 3/3
  1060 | D:2      | Reached skill level 4 in Armour
  1060 | D:2      | Reached XP level 4. HP: 21/29 MP: 4/4
  1267 | D:2      | Found a blossoming altar of Fedhas.
  1287 | D:2      | Became a worshipper of Fedhas Madash
  1683 | D:3      | Reached skill level 1 in Dodging
  1820 | D:3      | Noticed Terence
  1835 | D:3      | Killed Terence
  1835 | D:3      | Reached XP level 5. HP: 30/33 MP: 5/5
  2307 | D:3      | Noticed Grinder
  2309 | D:3      | Paralysed by Grinder for 5 turns
  2324 | D:3      | Paralysed by Grinder for 2 turns
  2335 | D:3      | Paralysed by Grinder for 4 turns
  2342 | D:3      | Paralysed by Grinder for 2 turns
  2345 | D:3      | Killed Grinder
  2345 | D:3      | Reached XP level 6. HP: 22/39 MP: 6/6
  2657 | D:4      | Reached skill level 5 in Shields
  2869 | D:4      | Acquired Fedhas' first power
  2923 | D:4      | Noticed Natasha
  2932 | D:4      | Killed Natasha
  2932 | D:4      | Reached XP level 7. HP: 44/44 MP: 7/7
  3117 | D:4      | Found a staircase to the Ecumenical Temple.
  3118 | D:4      | Noticed a two-headed ogre
  3129 | D:4      | Killed a two-headed ogre
  3129 | D:4      | Reached skill level 5 in Fighting
  3129 | D:4      | Reached skill level 5 in Armour
  3226 | Temple   | Entered the Ecumenical Temple
  3603 | D:4      | Noticed Natasha
  3609 | D:4      | Killed Natasha
  3633 | D:5      | Entered Level 5 of the Dungeon
  3635 | D:5      | Noticed Dowan
  3681 | D:5      | Killed Dowan
  3685 | D:5      | Noticed Duvessa
  3694 | D:5      | Killed Duvessa
  3694 | D:5      | Reached skill level 6 in Shields
  3694 | D:5      | Reached XP level 8. HP: 33/49 MP: 5/8
  3763 | D:5      | Noticed CcS's ghost (average VSSu)
  3786 | D:5      | Killed CcS's ghost
  3823 | D:5      | HP: 1/49 [orc priest/divine providence (9)]
  3825 | D:5      | Killed from afar by an orc priest

Action                   |  1- 3 |  4- 6 |  7- 9 || total
-------------------------+-------+-------+-------++-------
Melee: Flail             |    95 |    74 |       ||   169
       Whip              |       |   146 |   189 ||   335
Invok: Evolution         |       |       |     1 ||     1
  Use: Scroll            |     4 |     4 |       ||     8
       Potion            |       |       |     5 ||     5
  Eat: Chunk             |     1 |     6 |     3 ||    10
